 Dungeon Crawl Stone Soup version 0.21.1-1-g345015f (webtiles) character file.

61 Kairos the Cudgeler (level 4, 0/33 HPs)
             Began as a Human Gladiator on Mar 26, 2018.
             Slain by a goblin
             ... wielding a +0 club
             ... led by Robin
              (1 damage)
             ... on level 2 of the Dungeon.
             The game lasted 00:02:45 (1588 turns).

Kairos the Cudgeler (Human Gladiator)               Turns: 1588, Time: 00:02:46

Health: 0/33       AC:  6    Str: 15    XL:     4   Next: 27%
Magic:  13/13      EV: 12    Int:  9    God:
Gold:   93         SH:  0    Dex: 14    Spells: 3/3 levels left

rFire    . . .     SeeInvis .   a - +0 flail
rCold    . . .     Gourm    .   (no shield)
rNeg     . . .     Faith    .   g - +0 ring mail
rPois    .         Spirit   .   c - +0 helmet
rElec    .         Reflect  .   (no cloak)
rCorr    .         Harm     .   (no gloves)
MR       .....                  (no boots)
Stlth    +.........             (no amulet)
HPRegen  0.11/turn              k - ring of magical power
MPRegen  0.13/turn              (no ring)

@: no status effects
A: no striking features
a: no special abilities


You were on level 2 of the Dungeon.
You were not hungry.

You visited 1 branch of the dungeon, and saw 2 of its levels.

You collected 93 gold pieces.

Inventory:

Hand Weapons
 a - a +0 flail (weapon)
Missiles
 d - 3 throwing nets (quivered)
Armour
 b - a +0 leather armour
 c - a +0 helmet (worn)
 g - a +0 ring mail (worn)
Jewellery
 k - a ring of magical power (left hand)
Scrolls
 e - a scroll of enchant weapon {unknown}
 h - a scroll of noise {unknown}
 i - 5 scrolls of remove curse {unknown}
 l - a scroll of fear {unknown}
Potions
 j - a potion of ambrosia {unknown}
 m - a potion of haste {unknown}
Comestibles
 f - 4 rations


   Skills:
 + Level 2.2 Fighting
 + Level 4.0 Maces & Flails
 + Level 2.1 Throwing
 + Level 1.2 Armour
 + Level 3.2 Dodging
 + Level 0.2 Stealth


You had 3 spell levels left.
You didn't know any spells.

Dungeon Overview and Level Annotations

Branches:
Dungeon (2/15)

Altars:

Annotations:
D:2 Robin


Message History

The goblin hits you but does no damage. The goblin barely misses you.
The goblin hits you with a club.
You sock the hobgoblin!
You kill the hobgoblin!
The hobgoblin no longer looks unusually strong.
The goblin hits you with a club.
* * * LOW HITPOINT WARNING * * *
The goblin barely misses you. The goblin hits you but does no damage.
The goblin misses you. x2; The goblin completely misses you.
You closely miss the hobgoblin.
The goblin no longer looks unusually strong.
The goblin barely misses you. The goblin hits you with a club.
* * * LOW HITPOINT WARNING * * *
The hobgoblin hits you but does no damage.
Robin roars a battlecry!
The goblins go into a battle-frenzy!
The goblin hits you with a club.
* * * LOW HITPOINT WARNING * * *
The goblin hits you with a club.
You die...

#..g. #.####### #.gg.
..########.## #..g.
............# #...#
#...........# #g.g#
#........[..# #...#
#...........#
####...######...........#
#..........##g<.........####
............gg@g............#
##......(...##gg..........#.#
#############............#.###
.......................
..#######.#.#######.#.# #.#..#
#.... #.##.## ###.# #.##..####
#.. #........# #..


You could see Robin, a hobgoblin and 4 goblins.

Vanquished Creatures
  An ooze (D:1)
  A worm (D:2)
  A dart slug (D:1)
  2 leopard geckos
  A giant cockroach (D:1)
  10 goblins
  2 hobgoblins
  6 jackals
  11 bats
  A frilled lizard (D:1)
  5 kobolds
  4 rats
45 creatures vanquished.

Notes
Turn   | Place    | Note
-------+----------+-------------------------------------------
     0 | D:1      | Kairos the Human Gladiator began the quest for the Orb.
     0 | D:1      | Reached XP level 1. HP: 16/16 MP: 1/1
    67 | D:1      | Reached XP level 2. HP: 3/22 MP: 2/2
   927 | D:1      | Reached XP level 3. HP: 27/27 MP: 3/3
  1239 | D:2      | Reached skill level 1 in Armour
  1427 | D:2      | Reached XP level 4. HP: 20/33 MP: 4/4
  1564 | D:2      | Noticed Robin
  1578 | D:2      | Reached skill level 4 in Maces & Flails
  1588 | D:2      | HP: 1/33 [goblin/club[Robin] (5)]
  1588 | D:2      | Slain by a goblin

Skill      XL: |  1  2  3  4 |
---------------+-------------+-----
Armour         | 1 |  1.2
Maces & Flails | 4 |  4.0
Fighting       | |  2.2
Throwing       | |  2.1
Dodging        | |  3.2
Stealth        | |  0.2

Action                   |  1- 3 |  4- 6 || total
-------------------------+-------+-------++-------
Melee: Flail             |   136 |    19 ||   155
  Eat: Chunk             |     2 |       ||     2
Armor: Leather armour    |    18 |       ||    18
       Ring mail         |    74 |    10 ||    84
Dodge: Dodged            |   135 |    26 ||   161
